SAL
ROME BRAVES @ AUGUSTA GREENJACKETS
06/20/2098
 
TOP OF THE 1ST
Rome Braves batting - Pitching for Augusta GreenJackets : LHP Jose Figueroa
Pitching: LHP Jose Figueroa
Batting: RHB Rick Gray 0-0: Foul Ball, location: 3FF
0-1: Foul Ball, location: 5F
0-2: Foul Ball, location: 2F
0-2: Fly out, F8 (Flyball, 89S, EV 91.3 MPH)
Batting: SHB Joe DiSandro 0-0: Foul Ball, location: 2F
0-1: Swinging Strike
0-2: Ball
1-2: Ball
2-2: Strikes out swinging
Batting: RHB Daniel Roach 0-0: Ball
1-0: Swinging Strike
1-1: Ball
2-1: Foul Ball, location: 2F
2-2: Strikes out swinging
Top of the 1st over - 0 runs, 0 hits, 0 errors, 0 left on base; Rome 0 - Augusta 0
BOTTOM OF THE 1ST
Augusta GreenJackets batting - Pitching for Rome Braves : RHP Kevin Carlton
Pitching: RHP Kevin Carlton
Batting: RHB Matt Bobrick 0-0: SINGLE (Flyball, 89S, EV 88.8 MPH)
Batting: SHB Matt Russ 0-0: Ball
1-0: Called Strike
1-1: Ball
2-1: Ball
3-1: Called Strike
3-2: Base on Balls
Matt Bobrick to second
Batting: LHB Justin Johnson 0-0: Ball
1-0: Swinging Strike
1-1: Ball
2-1: Fielders Choice at 2nd, 4-6 (Groundball, 4, EV 86.9 MPH)
Matt Bobrick to third
Batting: RHB Orlando Chavez 0-0: Ball
1-0: Ball
2-0: Fly out, F9 (Flyball, 89M, EV 91.3 MPH)
Runner from 3rd tags up, SCORES, throw by RF
Batting: RHB Matt Jacobs 0-0: Called Strike
0-1: Ball
1-1: Ball
2-1: Hit by Pitch
Justin Johnson to second
Pitching: RHP Jordan Roman
Batting: RHB Kevin Sides 0-0: Called Strike
0-1: Ball
1-1: Ball
2-1: Ball
3-1: SINGLE (Groundball, 56D, EV 103.1 MPH)
Justin Johnson to third
Matt Jacobs to second
Runner from 3rd tries for Home, SAFE, throw by LF to home
Batting: RHB Tom Myers 0-0: Ball
1-0: Fly out, F7 (Flyball, 7S, EV 80.6 MPH)
Bottom of the 1st over - 2 runs, 2 hits, 0 errors, 2 left on base; Rome 0 - Augusta 2
TOP OF THE 2ND
Rome Braves batting - Pitching for Augusta GreenJackets : LHP Jose Figueroa
Batting: RHB Cory Cassady 0-0: Ball
1-0: Fly out, F7 (Flyball, 7D, EV 93.8 MPH)
Batting: LHB Mauricio Medina 0-0: Called Strike
0-1: Ball
1-1: Ball
2-1: Ball
3-1: SINGLE (Groundball, 6MD, EV 105.0 MPH)
Batting: LHB Nestor Quintanilla 0-0: Swinging Strike
0-1: Called Strike
0-2: Strikes out swinging
Batting: SHB Pablo Castillo 0-0: Ball
1-0: Foul Ball, location: 5FF
1-1: Ground out 4-3 (Groundball, 4D, EV 100.6 MPH)
Top of the 2nd over - 0 runs, 1 hit, 0 errors, 1 left on base; Rome 0 - Augusta 2
BOTTOM OF THE 2ND
Augusta GreenJackets batting - Pitching for Rome Braves : RHP Jordan Roman
Batting: RHB Ted Voeltner 0-0: Called Strike
0-1: Foul Ball, location: 3F
0-2: Strikes out swinging
Batting: RHB Kevin Wallner 0-0: Called Strike
0-1: Ball
1-1: Swinging Strike
1-2: Fly out, F2 (Popup, 2LF, EV 85.0 MPH)
Batting: RHB Matt Bobrick 0-0: Swinging Strike
0-1: Fly out, F7 (Flyball, 7, EV 96.9 MPH)
Bottom of the 2nd over - 0 runs, 0 hits, 0 errors, 0 left on base; Rome 0 - Augusta 2
TOP OF THE 3RD
Rome Braves batting - Pitching for Augusta GreenJackets : LHP Jose Figueroa
Batting: SHB Kyle Montgomery 0-0: Ball
1-0: Foul Ball, location: 2F
1-1: Swinging Strike
1-2: Foul Ball, location: 3F
1-2: Strikes out swinging
Batting: RHB Robby Rios 0-0: Ball
1-0: Called Strike
1-1: Hit by Pitch
Batting: RHB Rick Gray 0-0: Called Strike
0-1: Bunted foul
0-2: Grounds into double play, 5-4-3 (Groundball, 56S, EV 87.5 MPH)
Top of the 3rd over - 0 runs, 0 hits, 0 errors, 0 left on base; Rome 0 - Augusta 2
BOTTOM OF THE 3RD
Augusta GreenJackets batting - Pitching for Rome Braves : RHP Jordan Roman
Batting: SHB Matt Russ 0-0: Ball
1-0: Ball
2-0: Ball
3-0: Base on Balls
Batting: LHB Justin Johnson 0-0: Foul Ball, location: 2F
0-1: Ball
1-1: Swinging Strike
1-2: Strikes out swinging
Batting: RHB Orlando Chavez 0-0: Grounds into double play, 6-4-3 (Groundball, 6, EV 86.3 MPH)
Bottom of the 3rd over - 0 runs, 0 hits, 0 errors, 0 left on base; Rome 0 - Augusta 2
TOP OF THE 4TH
Rome Braves batting - Pitching for Augusta GreenJackets : LHP Jose Figueroa
Batting: SHB Joe DiSandro 0-0: Ball
1-0: Ball
2-0: Foul Ball, location: 2F
2-1: Ball
3-1: Called Strike
3-2: Foul Ball, location: 7LMF
3-2: Strikes out swinging
Batting: RHB Daniel Roach 0-0: Ball
1-0: Foul Ball, location: 23F
1-1: Ball
2-1: Foul Ball, location: 9LSF
2-2: Ground out 6-3 (Groundball, 6M, EV 110.6 MPH)
Batting: RHB Cory Cassady 0-0: Foul Ball, location: 2F
0-1: Fly out, F4 (Popup, 34S, EV 86.3 MPH)
Top of the 4th over - 0 runs, 0 hits, 0 errors, 0 left on base; Rome 0 - Augusta 2
BOTTOM OF THE 4TH
Augusta GreenJackets batting - Pitching for Rome Braves : RHP Jordan Roman
Batting: RHB Matt Jacobs 0-0: Ball
1-0: SINGLE (Line Drive, 4D, EV 100.6 MPH)
Batting: RHB Kevin Sides 0-0: Swinging Strike
0-1: Foul Ball, location: 2F
0-2: Ball
1-2: Ball
2-2: Foul Ball, location: 5DF
2-2: Strikes out swinging
Batting: RHB Tom Myers 0-0: Ball
1-0: Hit by Pitch
Matt Jacobs to second
Batting: RHB Ted Voeltner 0-0: Ball
1-0: Swinging Strike
1-1: Called Strike
1-2: Foul Ball, location: 2F
1-2: Strikes out swinging
Batting: RHB Kevin Wallner 0-0: TRIPLE (Groundball, 3L, EV 98.8 MPH)
Matt Jacobs scores
Tom Myers scores
Batting: RHB Matt Bobrick 0-0: Called Strike
0-1: Foul Ball, location: 9LMF
0-2: Fly out, F8 (Flyball, 8RM, EV 96.3 MPH)
Bottom of the 4th over - 2 runs, 2 hits, 0 errors, 1 left on base; Rome 0 - Augusta 4
TOP OF THE 5TH
Rome Braves batting - Pitching for Augusta GreenJackets : LHP Jose Figueroa
Batting: LHB Mauricio Medina 0-0: Ball
1-0: Ball
2-0: Called Strike
2-1: Ball
3-1: Foul Ball, location: 2F
3-2: SINGLE (Groundball, 6MD, EV 97.5 MPH)
Batting: LHB Nestor Quintanilla 0-0: Ball
1-0: Ball
2-0: Swinging Strike
2-1: Foul Ball, location: 25F
2-2: Foul Ball, location: 7LMF
2-2: Grounds into double play, 6-4-3 (Groundball, 6, EV 90.0 MPH)
Batting: SHB Pablo Castillo 0-0: Fly out, F8 (Flyball, 8RD, EV 99.4 MPH)
Top of the 5th over - 0 runs, 1 hit, 0 errors, 0 left on base; Rome 0 - Augusta 4
BOTTOM OF THE 5TH
Augusta GreenJackets batting - Pitching for Rome Braves : RHP Jordan Roman
Batting: SHB Matt Russ 0-0: Ball
1-0: Ball
2-0: Called Strike
2-1: Swinging Strike
2-2: Ball
3-2: Fly out, F8 (Line Drive, 89M, EV 102.5 MPH)
Batting: LHB Justin Johnson 0-0: Ball
1-0: Called Strike
1-1: Foul Ball, location: 7LSF
1-2: Ball
2-2: Foul Ball, location: 5FF
2-2: Ball
3-2: Base on Balls
Batting: RHB Orlando Chavez 0-0: Ball
1-0: Ball
2-0: Ball
3-0: Called Strike
3-1: Base on Balls
Justin Johnson to second
Batting: RHB Matt Jacobs 0-0: Ball
1-0: Ball
2-0: Ball
3-0: Called Strike
3-1: Grounds into double play, 5-4-3 (Groundball, 5, EV 105.0 MPH)
Bottom of the 5th over - 0 runs, 0 hits, 0 errors, 1 left on base; Rome 0 - Augusta 4
TOP OF THE 6TH
Rome Braves batting - Pitching for Augusta GreenJackets : LHP Jose Figueroa
Batting: SHB Kyle Montgomery 0-0: Called Strike
0-1: Foul Ball, location: 3F
0-2: Ball
1-2: Ball
2-2: Foul Ball, location: 3F
2-2: Strikes out swinging
Batting: RHB Robby Rios 0-0: Ball
1-0: Ground out 5-3 (Groundball, 56, EV 99.4 MPH)
Batting: RHB Rick Gray 0-0: Ball
1-0: Ball
2-0: Called Strike
2-1: Ball
3-1: Base on Balls
Batting: SHB Joe DiSandro 0-0: Called Strike
0-1: Ball
1-1: Ball
2-1: Foul Ball, location: 2F
2-2: Foul Ball, location: 2F
2-2: SINGLE (Groundball, 4D, EV 108.8 MPH)
Rick Gray to second
Runner from 2nd tries for 3rd, SAFE, no throw by CF
Pitching: RHP Ricky Sanchez
Batting: RHB Daniel Roach 0-0: Called Strike
0-1: Ball
1-1: Ball
2-1: Foul Ball, location: 9LDF
2-2: Foul Ball, location: 3FF
2-2: Strikes out swinging
Top of the 6th over - 0 runs, 1 hit, 0 errors, 2 left on base; Rome 0 - Augusta 4
BOTTOM OF THE 6TH
Augusta GreenJackets batting - Pitching for Rome Braves : RHP Jordan Roman
Batting: RHB Kevin Sides 0-0: Ball
1-0: SINGLE (Groundball, 4M, EV 103.8 MPH) (infield hit)
Batting: RHB Tom Myers 0-0: Called Strike
0-1: Ball
1-1: Ball
2-1: Ball
3-1: Called Strike
3-2: Strikes out swinging
Batting: RHB Ted Voeltner 0-0: Called Strike
0-1: Foul Ball, location: 2F
0-2: Ball
1-2: Ball
2-2: Strikes out swinging
Batting: RHB Kevin Wallner 0-0: Called Strike
0-1: Ball
1-1: Ball
2-1: Ball
3-1: Called Strike
3-2: SINGLE (Flyball, 6D, EV 99.4 MPH)
Kevin Sides to second
Kevin Sides to third
Batting: RHB Matt Bobrick 0-0: Called Strike
0-1: Foul Ball, location: 2F
0-2: Ball
1-2: Foul Ball, location: 2LF
1-2: Strikes out looking
Bottom of the 6th over - 0 runs, 2 hits, 0 errors, 2 left on base; Rome 0 - Augusta 4
TOP OF THE 7TH
Rome Braves batting - Pitching for Augusta GreenJackets : RHP Ricky Sanchez
Batting: RHB Cory Cassady 0-0: Ball
1-0: Ball
2-0: Ball
3-0: Called Strike
3-1: Foul Ball, location: 2F
3-2: Ground out 6-3 (Groundball, 6, EV 87.5 MPH)
Batting: LHB Mauricio Medina 0-0: Called Strike
0-1: Swinging Strike
0-2: Ball
1-2: Ground out 6-3 (Groundball, 6, EV 103.8 MPH)
Batting: LHB Nestor Quintanilla 0-0: Ball
1-0: Called Strike
1-1: Ball
2-1: Ball
3-1: Called Strike
3-2: Foul Ball, location: 5FF
3-2: Strikes out swinging
Top of the 7th over - 0 runs, 0 hits, 0 errors, 0 left on base; Rome 0 - Augusta 4
BOTTOM OF THE 7TH
Augusta GreenJackets batting - Pitching for Rome Braves : RHP Jordan Roman
Pitching: RHP Alex Camacho
Batting: SHB Matt Russ 0-0: Ball
1-0: Ball
2-0: Ball
3-0: Base on Balls
Batting: LHB Justin Johnson 0-0: Called Strike
0-1: DOUBLE (Flyball, 7LD, EV 101.9 MPH)
Matt Russ to third
Batting: RHB Orlando Chavez 0-0: Intentional Walk
Batting: RHB Matt Jacobs 0-0: Ball
1-0: Ball
2-0: Ball
3-0: Base on Balls
Matt Russ scores
Justin Johnson to third
Orlando Chavez to second
Batting: RHB Kevin Sides 0-0: Foul Ball, location: 3F
0-1: Foul Ball, location: 3DF
0-2: Ball
1-2: Fly out, F5 (Popup, 56S, EV 75.0 MPH)
Batting: RHB Tom Myers 0-0: Ball
1-0: Called Strike
1-1: Ball
2-1: Grounds into fielders choice 5-2 (Groundball, 56, EV 93.1 MPH)
Orlando Chavez to third
Matt Jacobs to second
Batting: RHB Ted Voeltner 0-0: Foul Ball, location: 7LDF
0-1: Ground out 4-3 (Groundball, 4, EV 101.9 MPH)
Bottom of the 7th over - 1 run, 1 hit, 0 errors, 3 left on base; Rome 0 - Augusta 5
TOP OF THE 8TH
Rome Braves batting - Pitching for Augusta GreenJackets : RHP Ricky Sanchez
Batting: SHB Pablo Castillo 0-0: Swinging Strike
0-1: Ground out 4-3 (Groundball, 4, EV 91.3 MPH)
Batting: SHB Kyle Montgomery 0-0: Called Strike
0-1: Swinging Strike
0-2: Ball
1-2: Strikes out swinging
Pinch Hitting: LHB Chris Gill 0-0: Called Strike
0-1: Called Strike
0-2: Foul Ball, location: 5DF
0-2: Ground out 4-3 (Groundball, 34, EV 97.5 MPH)
Top of the 8th over - 0 runs, 0 hits, 0 errors, 0 left on base; Rome 0 - Augusta 5
BOTTOM OF THE 8TH
Augusta GreenJackets batting - Pitching for Rome Braves : RHP Alex Camacho
Now in CF: Daniel Roach
Now in RF: Eric Fox
Batting: RHB Kevin Wallner 0-0: Called Strike
0-1: Ball
1-1: SINGLE (Line Drive, 9S, EV 93.1 MPH)
Batting: RHB Matt Bobrick 0-0: Called Strike
Kevin Wallner steals 2nd base
0-1: Foul Ball, location: 9LDF
0-2: Hit by Pitch
Batting: SHB Matt Russ 0-0: Called Strike
0-1: Foul Ball, location: 7LDF
0-2: Strikes out swinging
Batting: LHB Justin Johnson 0-0: SINGLE (Groundball, 4MD, EV 106.9 MPH)
Kevin Wallner to third
Matt Bobrick to second
Batting: RHB Orlando Chavez 0-0: Ball
1-0: Fly out, F8 (Flyball, 8RXD, EV 111.3 MPH)
Runner from 3rd tags up, SCORES, no throw by CF
Batting: RHB Matt Jacobs 0-0: Ball
1-0: Ball
2-0: Swinging Strike
2-1: SINGLE (Groundball, 56D, EV 105.0 MPH)
Matt Bobrick to third
Justin Johnson to second
Runner from 3rd tries for Home, SAFE, throw by LF to home
Pinch Hitting: RHB Alex Alcaraz 0-0: Called Strike
0-1: Ball
1-1: Called Strike
1-2: Fly out, F6 (Popup, 6D, EV 51.3 MPH)
Bottom of the 8th over - 2 runs, 3 hits, 0 errors, 2 left on base; Rome 0 - Augusta 7
TOP OF THE 9TH
Rome Braves batting - Pitching for Augusta GreenJackets : RHP Ricky Sanchez
Now at 2B: Alex Alcaraz
Batting: RHB Rick Gray 0-0: Foul Ball, location: 23F
0-1: Ball
1-1: Ball
2-1: Called Strike
2-2: Strikes out swinging
Batting: SHB Joe DiSandro 0-0: Ball
1-0: Swinging Strike
1-1: Ball
2-1: Foul Ball, location: 7LDF
2-2: Foul Ball, location: 23F
2-2: Strikes out looking
Pinch Hitting: RHB Bobby Quiroz 0-0: Ball
1-0: Called Strike
1-1: Called Strike
1-2: Foul Ball, location: 3SF
1-2: Ball
2-2: Fly out, F9 (Flyball, 89S, EV 90.6 MPH)
Top of the 9th over - 0 runs, 0 hits, 0 errors, 0 left on base; Rome 0 - Augusta 7
Sunday, April 7th , 2024 - OOTP Baseball 24.11 Build 85